← All builds
Tech / Armada / Economy first / OBSERVED BUILD

Standard tech

Armada Tech (Eco) build order · Supreme Isthmus

Rushes T2 factory and Advanced Metal Extractor while sending the first T2 constructor to Geo, scaling team eco and mex upgrades through the full 15 minutes.

Usually first T2 con to Geo (84%)

#eco #t2 #team support · 901 distinct matches · 120 players · 60% of Armada Tech games · team won 53% of 1034 · Recently observed

HOW TO PLAY IT

Key timing: T2 factory by 4:15

  1. Open mex and wind, start bot lab right away.
  2. Get bot lab up and begin feeding early cons.
  3. Start advanced bot lab to rush T2 factory.
  4. Finish T2 factory and push advanced metal extractor by 5:29.
  5. Build Citadel, Platypus and Umbrella as anti-nuke defence transition.

Phase by phase

TYPICAL OF ITS 901 GAMES
  1. 1
  2. 2
  3. 3
  4. 4
PLAY THE OPENING

Follow the example game's first 6:00 step by step: what to build now, what comes next, and where it goes. At 1× it keeps pace with your own game.

  1. 1

    Up to the Bot Lab

    Economy
    • Metal Extractor3Mex
    • Wind Turbine4Wind
    Order
    1. Bot LabBot Lab after 3 mex, 4 winddone ~1:17, middle half 1:13–1:31

    By 1:01 in all: 3 mex · 4 wind

    The example game in this phase · 5 steps
    1. Mex
    2. Wind
    3. Mex ×2
    4. Wind ×2
    5. Bot LabBot Labdone 1:10 · typical 1:17
  2. 2

    Bot Lab to Advanced Bot Lab

    Economy
    • Metal Extractor1Mex
    • Wind Turbine8Wind
    • Energy Storage1Energy storage
    Order
    1. Advanced Bot LabAdvanced Bot Lab after 4 mex, 12 wind, 3 con turretdone ~4:15, middle half 4:04–4:28
    Builders
    • Construction Turret3 Con turret
    • Lazarus3 Lazarus
    • Construction Bot2 Con bot
    • Construction Bot1 Con bot for allies

    Some games also: converter (35%)

    By 3:19 in all: 4 mex · 12 wind · 1 energy storage · 3 con turret

    The example game in this phase · 14 steps
    1. LazarusLazarus
    2. Construction BotCon botfor Air
    3. Wind
    4. LazarusLazarus
    5. Wind
    6. Construction BotCon bot ×2
    7. Con turret
    8. Mex
    9. Energy storage
    10. Construction BotCon bot
    11. Wind ×2
    12. Con turret
    13. Wind ×4
    14. Advanced Bot LabAdvanced Bot Labdone 4:27 · typical 4:15
  3. 3

    Advanced Bot Lab to 5:00

    Economy
    • Wind Turbine2Wind
    Order
    1. Bot LabEat Bot Lab
    Builders
    • Advanced Construction Bot1 T2 con bot for allies

    Some games also: converter (35%)

    By 5:00 in all: 4 mex · 15 wind · 2 converter · 1 energy storage · 3 con turret

    The example game in this phase · 8 steps
    1. Wind
    2. Bot LabEat Bot Labreclaimed for its metal
    3. Wind ×2
    4. Converter ×3
    5. ButlerButler
    6. Advanced Construction BotT2 con botfor Air
    7. Converter
    8. Wind
  4. 4

    5:00 to 10:00

    Economy
    • Wind Turbine44Wind
    • Energy Converter6Converter
    Builders
    • Butler8 Butler
    • Advanced Construction Bot4 T2 con bot for allies
    • Advanced Construction Bot1 T2 con bot

    Some games also: con turret (49%) · Butler for allies (37%)

    By 10:00 in all: 4 mex · 59 wind · 8 converter · 1 energy storage · 3 con turret

    The example game in this phase · 131 steps
    1. Wind
    2. Advanced Metal ExtractorT2 mexdone 5:47 · typical 5:29
    3. Con turret
    4. Wind
    5. Advanced Metal ExtractorT2 mex
    6. Wind ×8
    7. GunslingerGunslingerdone 6:32
    8. Wind ×6
    9. Advanced Construction BotT2 con botfor Pond
    10. Wind ×4
    11. ButlerButler
    12. Wind ×2
    13. ButlerButler
    14. Wind
    15. Advanced Metal ExtractorT2 mex
    16. Converter
    17. ButlerButler
    18. Wind
    19. Converter
    20. Wind
    21. ButlerButler
    22. Converter
    23. Wind ×2
    24. Converter
    25. Advanced Metal ExtractorT2 mex
    26. Wind ×2
    27. Converter
    28. Wind
    29. Advanced Construction BotT2 con botfor Beach sea
    30. Con turret
    31. Wind
    32. Converter
    33. Wind
    34. Con turret
    35. Wind
    36. Converter
    37. Wind ×2
    38. Converter
    39. Wind
    40. Advanced Construction BotT2 con bot
    41. Wind ×2
    42. Converter
    43. Wind ×2
    44. Converter
    45. Wind ×3
    46. Converter
    47. Fusion ReactorFusiondone 11:05
    48. Wind ×3
    49. Converter ×2
    50. Wind
    51. Con turret
    52. Converter
    53. Wind ×2
    54. Con turret
    55. Converter
    56. Wind ×3
    57. Converter
    58. Wind ×3
    59. Con turret
    60. Converter
    61. Wind ×4
    62. Converter
    63. Wind ×3
    64. Converter
    65. Wind ×3
    66. Converter
    67. Wind ×3
    68. Converter
    69. Wind ×3
    70. Converter
    71. Wind ×3
    72. UmbrellaAnti-nukedone 11:39
    73. Converter
    74. Wind ×3
    75. Converter
    76. Wind ×3
    77. Converter
    78. Wind ×2
    79. Converter
    80. Wind ×2
    81. Metal storage
    82. Wind
    83. Converter
    84. Wind
    85. Con turret
    86. Fusion ReactorFusion
    87. Wind ×2
    88. Converter
    89. Wind ×2
    90. Con turret
    91. Wind
    92. Converter
    93. Wind ×4
    94. Converter
    95. Wind ×2
    96. Advanced Bot LabEat Advanced Bot Labreclaimed for its metal
    97. Wind
    98. Converter
    99. Wind
    100. Con turret
    101. Wind
    102. Con turret
    103. Wind
    104. Converter
    105. Wind
    106. Con turret
    107. Wind
    108. Con turret
    109. Converter
    110. Wind ×2
    111. Converter
    112. T2 converter
    113. Wind ×3
    114. Converter
    115. Wind ×2
    116. T2 converter
    117. Wind ×2
    118. Converter
    119. Wind ×2
    120. Advanced Fusion ReactorAdvanced Fusion Reactornot finished by 15:00
    121. Wind ×2
    122. Converter
    123. Wind ×2
    124. Converter
    125. Wind ×4
    126. Converter
    127. Wind ×3
    128. Converter
    129. Wind ×11
    130. T2 converter
    131. Wind

Counts are medians over the build's games: half of them build more, half fewer. The example game is RAM_Achillesmsg's (40 OS, 09/10/2026); pick another.

Team trades

IN AT LEAST 30% OF ITS GAMES

You hand over

  • Construction Bot1 Con bot to Airfirst at 2:22 · in 87% of games
  • Advanced Construction Bot5 T2 con bot to Air or Geo sea or Pondfirst at 4:48 · in 99% of games
  • Sharpshooter2 Sniper bot to Pondfirst at 5:23 · in 32% of games
  • Butler2 Butler to Geo sea or Beach sea or Pondfirst at 9:05 · in 42% of games

You get

  • Hercules1 Light transport from Airfirst at 4:00 · in 85% of games

How it plays out

Typical game of this build, running totals by minute

Metal produced

020k40k
0:005:0010:0015:00

metal

Enemy metal destroyed

0100200300
0:005:0010:0015:00

metal

Own metal lost

0100200300
0:005:0010:0015:00

metal

1034 games.

Show as table
ByMetal produced: This buildEnemy metal destroyed: This buildOwn metal lost: This build
1:0038300
2:0091600
3:00164500
4:00316200
5:00486400
6:00580800
7:00723600
8:00911000
9:001125000
10:001358800
11:001643300
12:001999100
13:002375900
14:00276067381
15:0031704295204
WHAT THE NUMBERS SAY

This is the role's textbook T2 rush, posting the highest metal production of any build shown (31617 by 15:00) with almost no early losses.

  • + T2 factory done by 4:15 in 97% of games, extremely consistent.
  • + Own metal lost is only 228 by 15:00, near untouched economy.
  • − Team win rate is the lowest of all builds shown at 53%, fast eco alone doesn't decide games.
THE EXAMPLE YOU ARE READING

RAM_Achillesmsg

40.2 OS · 09/10/2026

Open source match ↗

3 received units
2239 metal received · 56734 energy received

Allied construction assistance is unknown. Timings are observations, not a promise of solo reproducibility.

Typical milestones

Bot Lab1:17Middle 50%: 1:13–1:31 · n=1034
Advanced Bot Lab4:15Middle 50%: 4:04–4:28 · n=1028
Advanced Metal Extractor5:29Middle 50%: 5:06–5:59 · n=1032

Played most by

Amrissa100games of this buildKOT_45games of this buildSyphos42games of this buildAdeus39games of this buildWashedGamuer39games of this build